Map: Ley Lines

Players

FuRePrUiT - Winner!

  • Race: Protoss Protoss
  • League: Master
  • Spawn Location: 7:00

Cheater-1 (Extrem)

  • Race: Zerg Zerg
  • Spawn Location: 1:00

VOD

Have the link to the VOD?

Description

Time

  • Played on: July 2, 2025, 2:04 a.m.
  • Length: 10:40
Show
View Real Time Build Order
Export as new Build Order

FuRePrUiT Protoss - Winner!

Build Orders: 1 Gate Expand, Archon Immortal 

Get SALT Encoding   

  12  0:00  Probe  
  13  0:12  Probe  
  14  0:19  Pylon  
  14  0:24  Probe  
  15  0:37  Probe, Gateway  
  16  0:44  Assimilator  
  16  0:45  Probe  
  17  0:53  Probe  
  17  1:04  Probe  
  19  1:16  Probe  
  20  1:24  Nexus  
  20  1:34  Cybernetics Core  
  20  1:37  Probe  
  21  1:44  Pylon  
  21  1:48  Assimilator  
  21  1:49  Probe  
  22  1:57  Probe  
  22  2:00  Stalker  
  22  2:06  Probe  
  23  2:13  Warp Gate  
  26  2:18  Probe  
  27  2:28  Probe, Robotics Facility  
  27  2:36  Probe x2  
  29  2:37  Stalker  
  32  2:45  Probe  
  32  2:48  Probe  
  34  2:56  Probe  
  35  2:58  Twilight Council  
  35  3:00  Probe  
  35  3:04  Gateway  
  36  3:07  Probe  
  37  3:13  Probe  
  37  3:15  Observer  
  37  3:16  Probe  
  40  3:24  Gateway  
  40  3:25  Probe x2  
  41  3:28  Gateway  
  42  3:36  Charge  
  42  3:37  Probe  
  42  3:40  Probe  
  44  3:50  Pylon  
  44  3:52  Probe x2  
  44  3:54  Assimilator  
  46  3:58  Assimilator, Immortal  
  46  4:06  Pylon  
  46  4:08  Probe x2  
  52  4:20  Probe x2  
  52  4:22  Pylon  
  54  4:31  Adept x2  
  56  4:36  Pylon  
  56  4:38  Nexus  
  58  4:42  Pylon  
  58  4:45  Immortal  
  60  4:50  Templar Archives  
  59  4:56  Probe  
  59  4:58  Probe  
  64  5:08  Probe  
  64  5:10  Probe  
  66  5:17  Forge x2, Immortal  
  66  5:21  Probe, Gateway  
  67  5:22  Probe  
  72  5:33  Probe  
  72  5:34  Probe  
  74  5:41  Gateway  
  74  5:43  Gateway  
  74  5:45  Gateway  
  74  5:47  Probe  
  74  5:48  Probe  
  76  5:52  Shield Battery  
  76  5:55  Probe x2  
  77  6:01  Warp Prism, Probe  
  77  6:03  Probe  
  81  6:08  Probe  
  81  6:09  Probe  
  81  6:10  High Templar x4, Protoss Ground Weapons Level 1  
  81  6:11  Protoss Ground Armor Level 1  
  90  6:15  Pylon  
  90  6:16  Archon  
  90  6:17  Archon  
  92  6:24  Probe  
  93  6:25  Probe  
  93  6:26  Probe  
  93  6:29  Assimilator  
  93  6:31  Sentry  
  97  6:32  Assimilator  
  97  6:36  Probe  
  97  6:37  Probe  
  97  6:39  Probe, High Templar x2  
  104  6:45  Zealot x2  
  104  6:46  Archon  
  108  6:48  Probe  
  109  6:56  Pylon x2  
  109  7:05  Psionic Storm  
  109  7:06  Pylon, Nexus  
  109  7:11  Pylon  
  109  7:12  Immortal  
  109  7:14  Probe x3  
  116  7:19  High Templar x2  
  116  7:22  Zealot x2  
  124  7:27  Pylon  
  124  7:28  Pylon  
  124  7:30  High Templar  
  124  7:32  Zealot x3  
  124  7:35  Probe x3  
  135  7:44  High Templar, Immortal  
  137  7:47  Probe x3  
  140  7:53  High Templar  
  140  7:56  Zealot x4  
  154  7:59  Protoss Ground Armor Level 2, Protoss Ground Weapons Level 2, Probe x3  
  154  8:03  Pylon  
  154  8:04  Pylon  
  154  8:05  Pylon  
  157  8:15  Assimilator  
  157  8:17  Pylon, Assimilator  
  153  8:31  Archon  
  153  8:32  Zealot  
  153  8:33  Zealot x7  
  140  8:42  Probe x3  
  143  8:49  Probe  
  143  8:54  Probe x2  
  146  8:59  Immortal, Zealot x6  
  146  9:01  Nexus  
  146  9:02  Pylon, Probe x2  
  158  9:05  High Templar x2  
  166  9:15  Robotics Facility  
  164  9:20  Archon  
  164  9:22  Zealot x6  
  168  9:38  Immortal  
  166  9:40  Zealot x2  
  166  9:43  Zealot x6  
  181  10:00  Probe x2  
  181  10:04  Gateway  
  181  10:06  Gateway  
  186  10:08  Zealot x5  
  186  10:09  Gateway  
  186  10:10  Gateway  
  192  10:17  Observer  
  192  10:20  Zealot x3  
Show
View Real Time Build Order
Export as new Build Order

Cheater-1 (Extrem) Zerg 

Build Orders: Pool First 

Get SALT Encoding   

  12  0:00  Drone  
  13  0:11  Overlord  
  13  0:16  Drone  
  14  0:29  Drone x2  
  14  0:33  Drone  
  17  0:42  Spawning Pool  
  16  0:44  Drone  
  17  0:59  Hatchery  
  17  1:02  Drone  
  17  1:06  Extractor  
  17  1:08  Drone, Extractor  
  16  1:16  Drone  
  17  1:26  Drone  
  18  1:36  Queen  
  18  1:37  Drone  
  21  1:48  Overlord  
  21  1:59  Zergling x2  
  22  2:09  Drone  
  22  2:10  Drone  
  22  2:12  Queen  
  26  2:20  Roach Warren, Drone  
  26  2:21  Drone  
  27  2:31  Drone  
  27  2:32  Drone  
  29  2:41  Drone  
  29  2:42  Zergling x2  
  31  2:52  Overlord  
  31  2:53  Zergling x2, Drone x2  
  34  3:01  Lair  
  34  3:02  Roach  
  34  3:05  Overlord  
  36  3:08  Overlord  
  36  3:14  Roach  
  36  3:16  Roach  
  36  3:19  Roach, Zergling x4  
  44  3:23  Zergling x2, Drone x2  
  44  3:25  Drone  
  48  3:29  Drone  
  49  3:36  Drone  
  49  3:40  Roach  
  52  3:47  Roach  
  54  3:49  Overlord  
  54  3:50  Overlord x2, Drone x3  
  54  3:52  Roach  
  59  3:59  Drone  
  60  4:03  Drone, Infestation Pit  
  60  4:09  Roach  
  62  4:16  Overlord  
  62  4:19  Overlord  
  62  4:34  Roach  
  62  4:36  Drone  
  62  4:37  Roach, Drone  
  68  4:38  Drone  
  68  4:40  Roach, Drone  
  74  4:45  Roach  
  74  4:49  Infestor x2  
  74  4:50  Roach  
  80  4:53  Overlord  
  80  4:54  Roach x2  
  80  4:57  Roach  
  86  5:00  Infestor  
  86  5:02  Extractor  
  86  5:04  Extractor  
  86  5:06  Evolution Chamber  
  85  5:08  Drone, Evolution Chamber  
  85  5:11  Drone, Hydralisk Den, Hatchery  
  84  5:18  Drone  
  84  5:19  Evolution Chamber  
  84  5:22  Drone x2, Infestor  
  84  5:23  Drone  
  84  5:25  Infestor  
  84  5:26  Zergling x2, Drone, Metabolic Boost  
  93  5:30  Zergling x2  
  93  5:33  Overlord  
  93  5:34  Zerg Melee Weapons Level 1  
  94  5:39  Zerg Missile Weapons Level 1  
  94  5:41  Drone  
  95  5:44  Drone  
  95  5:46  Zerg Ground Armor Level 1  
  96  5:50  Ravager  
  96  5:51  Drone  
  96  5:53  Hydralisk x2, Drone  
  96  5:56  Drone  
  104  5:57  Hydralisk x2, Zergling x2  
  104  6:02  Hydralisk  
  111  6:04  Ravager  
  111  6:06  Hydralisk  
  111  6:08  Spine Crawler  
  111  6:09  Spine Crawler  
  112  6:14  Drone  
  112  6:17  Drone  
  114  6:18  Spire  
  114  6:22  Drone  
  114  6:25  Overseer, Overlord, Drone x3  
  116  6:29  Drone, Extractor  
  116  6:30  Drone x3  
  120  6:35  Hatchery, Drone, Extractor  
  120  6:36  Drone  
  120  6:43  Drone  
  120  6:44  Overlord  
  121  6:47  Drone  
  121  6:48  Neural Parasite  
  121  6:50  Drone  
  121  6:52  Spore Crawler  
  122  6:54  Glial Reconstitution  
  122  6:55  Drone  
  122  6:56  Spore Crawler  
  122  6:57  Hydralisk, Drone x2  
  122  6:58  Hydralisk  
  128  7:01  Hydralisk x2  
  128  7:02  Overlord, Drone  
  128  7:05  Drone  
  134  7:09  Pneumatized Carapace  
  134  7:10  Drone  
  134  7:13  Drone  
  134  7:15  Burrow  
  136  7:19  Spine Crawler, Drone  
  136  7:21  Overlord  
  136  7:24  Drone  
  136  7:27  Overseer, Drone  
  136  7:28  Hydralisk  
  136  7:29  Zerg Melee Weapons Level 2, Drone x2  
  142  7:30  Overseer  
  142  7:31  Hydralisk  
  142  7:33  Mutalisk  
  142  7:36  Zerg Missile Weapons Level 2  
  146  7:38  Hydralisk, Mutalisk  
  146  7:39  Overlord, Queen, Drone  
  154  7:44  Drone  
  154  7:46  Mutalisk  
  154  7:47  Drone  
  154  7:48  Drone  
  158  7:55  Drone  
  158  7:57  Overlord, Drone  
  160  7:59  Drone  
  160  8:01  Roach x2, Extractor, Drone  
  160  8:04  Drone, Extractor  
  160  8:05  Roach, Drone  
  168  8:10  Roach  
  168  8:11  Spine Crawler, Drone  
  168  8:14  Hydralisk  
  168  8:15  Spine Crawler  
  168  8:16  Overlord, Drone x2  
  168  8:17  Drone, Spore Crawler  
  168  8:18  Roach  
  168  8:19  Drone x2  
  171  8:20  Drone  
  171  8:22  Hive  
  164  8:28  Zergling x2, Queen, Hatchery  
  164  8:30  Zergling x2, Drone  
  164  8:31  Roach  
  164  8:32  Roach, Zergling x4  
  127  8:36  Zergling x6  
  127  8:38  Ravager  
  127  8:39  Hydralisk  
  127  8:40  Zergling x2  
  127  8:41  Hydralisk, Ravager  
  109  8:42  Zergling x2  
  109  8:48  Queen  
  110  8:49  Spine Crawler  
  110  8:50  Drone  
  110  8:51  Spine Crawler, Zergling x2  
  110  8:52  Drone  
  110  8:53  Roach  
  108  9:01  Zergling x2  
  108  9:02  Zergling x2, Queen  
  97  9:03  Zergling x2, Hydralisk  
  97  9:04  Roach, Zergling x2  
  97  9:05  Overseer  
  97  9:07  Hydralisk x3  
  97  9:08  Roach, Hydralisk, Overseer, Zergling x2  
  113  9:10  Ravager  
  113  9:12  Queen  
  113  9:13  Roach  
  113  9:14  Zergling x2, Drone  
  113  9:18  Hydralisk  
  113  9:20  Drone  
  113  9:23  Drone x3  
  113  9:24  Drone x2  
  103  9:25  Drone  
  103  9:29  Drone  
  103  9:30  Spore Crawler  
  79  9:31  Spore Crawler  
  79  9:34  Zergling x2  
  79  9:35  Zergling x2, Drone  
  79  9:36  Spine Crawler, Zergling x6  
  79  9:37  Queen  
  67  9:39  Hydralisk, Drone x2, Zergling x2  
  67  9:40  Zergling x2  
  67  9:42  Queen, Drone x2  
  68  9:46  Roach, Hydralisk, Drone  
  68  9:48  Overseer  
  68  9:49  Drone  
  68  9:51  Drone  
  68  9:52  Drone  
  70  9:55  Drone x2  
  70  9:56  Drone x2  
  70  9:57  Drone x2  
  70  9:58  Hydralisk Den  
  70  9:59  Drone  
  66  10:00  Spine Crawler  
  66  10:01  Drone  
  66  10:04  Spine Crawler  
  66  10:06  Spine Crawler  
  51  10:07  Zergling x4, Drone x2  
  51  10:08  Overseer, Drone x2  
  51  10:11  Drone  
  51  10:12  Drone  
  51  10:13  Drone  
  49  10:14  Drone x4  
  49  10:16  Drone x2  
  49  10:18  Drone, Hatchery  
  49  10:19  Drone  
  49  10:20  Drone  
  44  10:23  Drone  
  44  10:26  Drone  
Tags
 
Add a new tag
Caveats
  • Supply blocks, unpowered buildings, or Contaminate may cause inaccurate times.
  • Supply counts are checked every 10 seconds.